 Dungeon Crawl Stone Soup version 0.28.0-53-g5a82cb258f (webtiles) character file.

Game seed: 10884186340033082117

23235 safid the Severer (level 13, -1/119 HPs)
             Began as a Hill Orc Fighter on July 29, 2022.
             Was a High Priest of Jiyva.
             Slain by a deep elf zephyrmancer
             ... wielding a +0 dagger
              (2 damage)
             ... on level 13 of the Dungeon.
             The game lasted 00:18:13 (8979 turns).

safid the Severer (Hill Orc Fighter)                Turns: 8979, Time: 00:18:13

Health: -1/119     AC: 15    Str: 24    XL:     13   Next: 5%
Magic:  8/13       EV:  8    Int:  8    God:    Jiyva [*****.]
Gold:   489        SH:  4    Dex: 10    Spells: 12/12 levels left

rFire   . . .      SeeInvis +   b - +2 broad axe (vorpal)
rCold   . . .      Faith    .   c - +0 buckler
rNeg    . . .      Spirit   .   t - +0 plate armour
rPois   +          Reflect  .   (no helmet)
rElec   .          Harm     .   (no cloak)
rCorr   +          Rampage  .   m - +0 pair of gloves
Will    .....      Clarity  +   (boots unavailable)
Stlth   ..........              (no amulet)
HPRegen 1.73/turn               g - +4 ring of protection
MPRegen 0.58/turn               D - ring of poison resistance

@: slimy (expiring)
A: talons 3, clarity, eyeballs 3, pseudopods 3, engulf
a: Renounce Religion, Oozemancy, Slimify


You were on level 13 of the Dungeon.
You worshipped Jiyva.
Jiyva was extremely pleased with you.
You visited 1 branch of the dungeon, and saw 13 of its levels.
You also visited: Bailey.

You collected 489 gold pieces.

Inventory:

Hand Weapons
 b - a +2 vorpal broad axe (weapon)
 u - the +7 Singing Sword {vorpal, sonic wave}
   (You found it on level 8 of the Dungeon)

   It inflicts extra damage upon your enemies.
   It radiates damaging sonic waves as it strikes, especially in combat
   involving dangerous or numerous foes.
Missiles
 n - 15 poisoned darts (quivered)
 z - 2 curare-tipped darts
Armour
 c - a +0 buckler (worn)
 m - a +0 pair of gloves (worn)
 t - a +0 plate armour (worn)
Jewellery
 g - a +4 ring of protection (left hand)
 C - a ring of ice
 D - a ring of poison resistance (right hand)
Wands
 p - a wand of acid (15)
 w - a wand of paralysis (4)
 x - a wand of iceblast (1)
 y - a wand of flame (8)
 E - a wand of charming (2)
Scrolls
 e - a scroll of fear {unknown}
 h - a scroll of immolation {unknown}
 i - 2 scrolls of amnesia
 k - 2 scrolls of teleportation
 l - 2 scrolls of holy word
 v - 2 scrolls of blinking {unknown}
 A - 2 scrolls of magic mapping {unknown}
 B - a scroll of torment {unknown}
Potions
 a - a potion of cancellation {unknown}
 d - 2 potions of might
 f - a potion of attraction {unknown}
 j - 4 potions of curing
 o - a potion of flight {unknown}
 q - a potion of resistance {unknown}
 r - a potion of mutation {unknown}
 s - a potion of ambrosia {unknown}


   Skills:
 + Level 12.6 Fighting
 - Level 1.4 Long Blades
 - Level 18.0 Axes
 - Level 12.0 Armour
 - Level 6.0 Dodging
 - Level 4.0 Shields


You had 12 spell levels left.
You didn't know any spells.
Your spell library contained the following spells:

 Spells                   Type           Power      Damage    Failure   Level
 Alistair's Intoxication  Tmut/Pois      0%         N/A       100%        5
 Borgnjor's Vile Clutch   Necr/Erth      0%         N/A       100%        5
 Eringya's Noxious Bog    Tmut/Pois      0%         N/A       100%        6


Dungeon Overview and Level Annotations

Branches:
Dungeon (13/15)            Temple (0/1) D:5            Lair (0/6) D:9
    Orc (0/2) D:10         Bailey (visited)
 Vaults: D:13-14

Altars:
Ashenzari
Cheibriados
Fedhas
Gozag
Hepliaklqana
Kikubaaqudgha
Makhleb
Qazlal
Ru
Sif Muna
Trog
Xom
Yredelemnul
Zin
The Shining One
Jiyva

Shops:
D:6 *

Annotations:
D:4 3 runed translucent doors, safid's ghost, amateur HOFi
D:9 1 runed translucent door, fuccboisucc420's ghost, journeyman DsAK


Innate Abilities, Weirdness & Mutations

You have claws for feet.
You possess an exceptional clarity of mind.
Your body is covered in eyes which may confuse attackers. (Acc +7, SInv)
Armour fits poorly on your massive pseudopods.
Your melee attacks may engulf your foes in ooze.


Message History

The deep elf zephyrmancer is heavily wounded.
You lop one of the seven-headed hydra's heads off!
The six-headed hydra grows two more!
You hit the eight-headed hydra.
You block the deep elf zephyrmancer's attack.
You hit the deep elf zephyrmancer.
The deep elf zephyrmancer is severely wounded.
You slice one of the eight-headed hydra's heads off!
The seven-headed hydra grows two more!
You slice the nine-headed hydra!!
The deep elf zephyrmancer is asphyxiated!
The nine-headed hydra bites you.
* * * LOW HITPOINT WARNING * * *
The nine-headed hydra closely misses you.
The nine-headed hydra barely misses you.
The nine-headed hydra bites you.
* * * LOW HITPOINT WARNING * * *
The nine-headed hydra bites you but does no damage.
The nine-headed hydra bites you!
* * * LOW HITPOINT WARNING * * *
The nine-headed hydra bites you.
* * * LOW HITPOINT WARNING * * *
You block the nine-headed hydra's attack.
The nine-headed hydra bites you but does no damage.
The deep elf zephyrmancer hits you but does no damage.
A thick mucus forms on your +2 vorpal broad axe.
The deep elf zephyrmancer is asphyxiated!
You block the nine-headed hydra's attack.
The nine-headed hydra bites you!
* * * LOW HITPOINT WARNING * * *
The eyeballs on your body gaze at the nine-headed hydra.
The nine-headed hydra closely misses you.
The nine-headed hydra bites you.
* * * LOW HITPOINT WARNING * * *
The nine-headed hydra bites you but does no damage.
The nine-headed hydra closely misses you.
The nine-headed hydra completely misses you.
The nine-headed hydra bites you but does no damage.
The nine-headed hydra bites you!
* * * LOW HITPOINT WARNING * * *
The deep elf zephyrmancer hits you with a +0 dagger.
You die...

#...##..##....########........
#.. #................#.......#
### ######..##########........
#..# .. #+#####.. #..##. # #.#
# #..#.# .# #######..
..##.#..#.##..# .........
#........e.# .........
###.#..#@#####. .........
......)D.................
......oo..................
####.#..#.#############...
......... #.## .##)#..#.##
#######... #.#..#.# #.........
. #..##. #.#....... . #.. .
#.#.....##


You could see a nine-headed hydra (confused), an orc knight, a deep elf
zephyrmancer (asphyxiating) and an orc (strong).

Vanquished Creatures
  Fannar (D:11)
  Erica (D:10)
  A centaur warrior (D:8)
  6 two-headed ogres
  A tengu warrior (D:13)
  2 deep elf pyromancers
  2 deep elf zephyrmancers (D:13)
  An ugly thing (D:8)
  3 manticores
  A gargoyle (D:12)
  2 kobold demonologists (D:11)
  An unseen horror (D:6)
  3 meliai (D:13)
  A troll (D:12)
  3 meliai zombies (D:12)
  A shadow (D:11)
  A wraith (D:12)
  A wyvern (D:9)
  4 yaks (D:12)
  A basilisk (D:9)
  A warg (shapeshifter) (D:8)
  2 acid dragons
  A hornet zombie (D:9)
  13 orc warriors
  An ice beast (D:6)
  3 ogres
  2 centaurs
  2 phantoms
  5 kobold brigands
  Blork the orc (D:4)
  2 bullfrogs
  A wyvern zombie (D:9)
  A water moccasin zombie (D:5)
  2 scorpions (D:8)
  A wyvern skeleton (D:6)
  11 killer bees
  4 wights (D:10)
  2 electric eels (D:6)
  2 bullfrog zombies (D:6)
  11 centaur zombies
  A hound (D:3)
  An orc priest (D:8)
  5 centaur skeletons
  A gnoll shaman (D:10)
  3 iguanas
  4 orc wizards
  15 adders
  6 gnolls
  A howler monkey skeleton (D:4)
  A worm (D:3)
  A dart slug (D:3)
  36 orcs
  5 ball pythons
  4 bats
  3 endoplasms (D:1)
  8 goblins
  3 hobgoblins
  7 jackals (D:1)
  5 quokkas
  2 frilled lizards
  20 kobolds
  5 rats
242 creatures vanquished.

Vanquished Creatures (collateral kills)
  A death knight (D:8)
  A two-headed ogre (D:11)
  An orc knight (Bailey)
  A manticore (D:8)
  A cyclops (D:11)
  An orc (Bailey)
6 creatures vanquished.

Vanquished Creatures (others)
  Snorg (D:13)
  A deep elf knight (D:13)
  An oklob plant (D:13)
  A slime creature (D:13)
  An acid dragon (D:11)
  A kobold brigand (D:8)
  2 scorpions (D:8)
  A bullfrog (D:7)
  3 killer bees (D:7)
  A howler monkey (D:9)
  A centaur zombie (D:7)
  A hound (D:7)
  19 jellies
  A centaur skeleton (D:7)
  An orc wizard (D:13)
  A howler monkey zombie (D:7)
  An adder (D:8)
  A shadow imp (D:7)
  An orc (D:13)
  4 endoplasms (D:13)
  4 goblins (D:7)
  A quokka (D:4)
  A bat (D:8)
  5 kobolds (D:8)
  14 fungi
  20 plants
  2 withered plants (D:9)
91 creatures vanquished.

Grand Total: 339 creatures vanquished

Notes
Turn   | Place    | Note
-------+----------+-------------------------------------------
     0 | D:1      | safid the Hill Orc Fighter began the quest for the Orb.
     0 | D:1      | Reached XP level 1. HP: 19/19 MP: 1/1
    32 | D:1      | Reached skill level 3 in Axes
    32 | D:1      | Reached XP level 2. HP: 15/27 MP: 2/2
   349 | D:1      | Reached XP level 3. HP: 32/33 MP: 3/3
   404 | D:1      | Found a faded altar of an unknown god.
   431 | D:1      | Prayed at the altar of an unknown god.
   431 | D:1      | Became a worshipper of Jiyva Jeige the Shapeless
   431 | D:1      | Reached * piety under Jiyva
   738 | D:2      | Reached XP level 4. HP: 40/40 MP: 4/4
   780 | D:2      | Reached ** piety under Jiyva
  1149 | D:3      | Reached skill level 4 in Axes
  1255 | D:3      | Reached skill level 5 in Axes
  1255 | D:3      | Reached XP level 5. HP: 46/46 MP: 5/5
  1329 | D:3      | Reached skill level 6 in Axes
  1669 | D:4      | Noticed a phantom
  1675 | D:4      | Killed a phantom
  1676 | D:4      | Reached skill level 7 in Axes
  1676 | D:4      | Reached XP level 6. HP: 52/52 MP: 6/6
  1705 | D:4      | Found a runed translucent gate.
  1705 | D:4      | Found a runed translucent gate.
  1705 | D:4      | Noticed Blork the orc
  1713 | D:4      | Killed Blork the orc
  1795 | D:4      | Reached skill level 8 in Axes
  1898 | D:4      | Reached *** piety under Jiyva
  1938 | D:4      | Found a hazy altar of Hepliaklqana.
  1998 | D:4      | Found a runed translucent gate.
  1999 | D:4      | Gained mutation: You have large cloven feet. [Jiyva's
                  | grace]
  1999 | D:4      | Gained mutation: You have hoof-like feet. [Jiyva's grace]
  1999 | D:4      | Gained mutation: You have hooves in place of feet. [Jiyva's
                  | grace]
  1999 | D:4      | Gained mutation: Your rubbery body absorbs attacks. (AC +1,
                  | EV +1) [Jiyva's grace]
  1999 | D:4      | Noticed safid's ghost (amateur HOFi)
  2000 | D:4      | Noticed safid's ghost (amateur HOFi)
  2176 | D:5      | Entered Level 5 of the Dungeon
  2206 | D:5      | Reached XP level 7. HP: 59/59 MP: 7/7
  2229 | D:5      | Reached skill level 9 in Axes
  2299 | D:5      | Found a staircase to the Ecumenical Temple.
  2445 | D:5      | Reached **** piety under Jiyva
  2593 | D:5      | Reached skill level 10 in Axes
  2666 | D:5      | Found a glowing golden altar of the Shining One.
  2803 | D:6      | Found a burning altar of Makhleb.
  2803 | D:6      | Found a glowing silver altar of Zin.
  2814 | D:6      | Found an opulent altar of Gozag.
  2901 | D:6      | Reached skill level 11 in Axes
  2901 | D:6      | Reached XP level 8. HP: 52/66 MP: 8/8
  2907 | D:6      | Killed an unseen horror
  2908 | D:6      | Reached skill level 12 in Axes
  3057 | D:6      | Found a snail-covered altar of Cheibriados.
  3071 | D:6      | Found a bloodstained altar of Trog.
  3076 | D:6      | Found a stormy altar of Qazlal.
  3080 | D:6      | Found a broken altar of Ashenzari.
  3105 | D:6      | Found Gozag's Platinum Reserve.
  3135 | D:6      | Reached ***** piety under Jiyva
  3236 | D:6      | Found a shimmering altar of Xom.
  3239 | D:6      | Found an opulent altar of Gozag.
  3239 | D:6      | Found a blossoming altar of Fedhas.
  3260 | D:6      | Found an ancient bone altar of Kikubaaqudgha.
  3260 | D:6      | Found a sacrificial altar of Ru.
  3260 | D:6      | Found a hazy altar of Hepliaklqana.
  3453 | D:7      | Found a blossoming altar of Fedhas.
  3460 | D:7      | Reached skill level 13 in Axes
  3725 | D:7      | Lost mutation: You have hooves in place of feet. [Jiyva's
                  | grace]
  3725 | D:7      | Gained mutation: Your melee attacks may engulf your foes in
                  | ooze. [Jiyva's grace]
  3725 | D:7      | Lost mutation: You have hoof-like feet. [Jiyva's grace]
  3725 | D:7      | Lost mutation: You have large cloven feet. [Jiyva's grace]
  3725 | D:7      | Gained mutation: You have sharp toenails. [Jiyva's grace]
  3725 | D:7      | Gained mutation: You have razor-sharp toenails. [Jiyva's
                  | grace]
  3725 | D:7      | Gained mutation: You have claws for feet. [Jiyva's grace]
  3733 | D:7      | Reached XP level 9. HP: 71/71 MP: 9/9
  3757 | D:7      | Found a blossoming altar of Fedhas.
  3768 | D:7      | Found a flagged portal.
  3778 | Bailey   | Entered a bailey
  3824 | Bailey   | Reached skill level 14 in Axes
  4054 | Bailey   | Reached skill level 15 in Axes
  4131 | Bailey   | Noticed an orc knight
  4143 | Bailey   | Killed an orc knight
  4144 | Bailey   | Reached skill level 16 in Axes
  4175 | Bailey   | Acquired a +2 vorpal broad axe
  4673 | D:8      | Reached skill level 1 in Dodging
  4695 | D:8      | Noticed a death knight
  4700 | D:8      | Noticed a two-headed ogre
  4700 | D:8      | Noticed a deep elf pyromancer
  4707 | D:8      | Killed a deep elf pyromancer
  4708 | D:8      | Reached skill level 5 in Fighting
  4708 | D:8      | Reached skill level 5 in Armour
  4708 | D:8      | Reached XP level 10. HP: 81/81 MP: 10/10
  4709 | D:8      | Noticed a cane toad
  4709 | D:8      | Noticed a cyan ugly thing
  4709 | D:8      | Noticed a manticore
  4713 | D:8      | Noticed a centaur warrior
  4741 | D:8      | Killed a centaur warrior
  4745 | D:8      | Killed a cyan ugly thing
  4815 | D:8      | Killed a two-headed ogre
  4816 | D:8      | Reached skill level 17 in Axes
  4818 | D:8      | Killed a manticore
  4823 | D:8      | Killed a death knight
  4999 | D:8      | Found the +7 Singing Sword {vorpal, sonic wave}
  5087 | D:8      | Reached skill level 1 in Long Blades
  5267 | D:8      | Reached XP level 11. HP: 91/91 MP: 11/11
  5756 | D:9      | Found a staircase to the Lair.
  5952 | D:9      | Noticed a two-headed ogre
  5961 | D:9      | Killed a two-headed ogre
  5962 | D:9      | Reached skill level 18 in Axes
  6042 | D:9      | Found a shimmering blue altar of Sif Muna.
  6068 | D:9      | Noticed a two-headed ogre
  6069 | D:9      | Found a runed translucent door.
  6070 | D:9      | Noticed fuccboisucc420's ghost (journeyman DsAK)
  6074 | D:9      | Killed a two-headed ogre
  6514 | D:10     | Entered Level 10 of the Dungeon
  6541 | D:10     | Gained mutation: Armour fits poorly on your pseudopods.
                  | [Jiyva's grace]
  6541 | D:10     | Gained mutation: Armour fits poorly on your large
                  | pseudopods. [Jiyva's grace]
  6541 | D:10     | Gained mutation: Armour fits poorly on your massive
                  | pseudopods. [Jiyva's grace]
  6541 | D:10     | Gained mutation: You possess an exceptional clarity of
                  | mind. [Jiyva's grace]
  6552 | D:10     | Reached ****** piety under Jiyva
  6634 | D:10     | Found a staircase to the Orcish Mines.
  6697 | D:10     | Noticed Erica
  6701 | D:10     | Killed Erica
  6789 | D:10     | Found a sacrificial altar of Ru.
  6897 | D:10     | Noticed a two-headed ogre
  6903 | D:10     | Killed a two-headed ogre
  7114 | D:10     | Noticed a two-headed ogre
  7122 | D:10     | Killed a two-headed ogre
  7123 | D:10     | Reached skill level 5 in Dodging
  7462 | D:11     | Noticed a cyclops
  7469 | D:11     | Killed a cyclops
  7475 | D:11     | Noticed a two-headed ogre
  7480 | D:11     | Killed a two-headed ogre
  7524 | D:11     | Noticed an eight-headed hydra
  7528 | D:11     | Slimified an eight-headed hydra
  7528 | D:11     | Noticed an acid blob
  7528 | D:11     | an eight-headed hydra changed into an acid blob
  7638 | D:11     | Lost mutation: You possess an exceptional clarity of mind.
                  | [Jiyva's grace]
  7638 | D:11     | Lost mutation: Your rubbery body absorbs attacks. (AC +1,
                  | EV +1) [Jiyva's grace]
  7638 | D:11     | Gained mutation: Your body has grown eyes which may confuse
                  | attackers. (Acc +3) [Jiyva's grace]
  7638 | D:11     | Gained mutation: Your body has grown many eyes which may
                  | confuse attackers. (Acc +5) [Jiyva's grace]
  7638 | D:11     | Gained mutation: Your body is covered in eyes which may
                  | confuse attackers. (Acc +7, SInv) [Jiyva's grace]
  7638 | D:11     | Gained mutation: You possess an exceptional clarity of
                  | mind. [Jiyva's grace]
  7644 | D:11     | Noticed Fannar
  7648 | D:11     | Killed Fannar
  7694 | D:11     | Noticed a manticore
  7698 | D:11     | Killed a manticore
  7699 | D:11     | Reached XP level 12. HP: 105/105 MP: 12/12
  7990 | D:12     | Noticed a five-headed hydra
  7993 | D:12     | Slimified a five-headed hydra
  7993 | D:12     | a five-headed hydra changed into a slime creature
  8148 | D:12     | Reached skill level 10 in Fighting
  8231 | D:12     | Noticed a two-headed ogre
  8236 | D:12     | Killed a two-headed ogre
  8288 | D:12     | Found a basalt altar of Yredelemnul.
  8294 | D:12     | Reached skill level 10 in Armour
  8888 | D:13     | Killed Snorg
  8924 | D:13     | Noticed a tengu warrior
  8931 | D:13     | Killed a tengu warrior
  8962 | D:13     | Noticed a deep elf knight
  8968 | D:13     | Noticed a seven-headed hydra
  8973 | D:13     | Reached XP level 13. HP: 87/118 MP: 13/13
  8979 | D:13     | HP: 1/119 [nine-headed hydra (7)]
  8979 | D:13     | Slain by a deep elf zephyrmancer

Illustrated notes

Levels and vault maps discovered:
D:1:      minmay_arrival_stone_box, layout_rooms,
          shapermc_ecumenical_altar_totnotflames
D:2:      layout_rooms
D:3:      layout_basic
D:4:      layout_rooms, nicolae_overflow_crystal_walls,
          gammafunk_ghost_cemetery, uniq_blork_the_orc
D:5:      layout_loops_ring, tso_oasis_becter, minmay_temple_entry_trees
D:6:      layout_cave_pools, doesnt_xom_only_xom,
          nicolae_gozag_zags_fifth_avenue, nicolae_overflow_hallway_of_the_gods,
          serial_bayou, serial_bayou_crossing, serial_bayou_pond_e,
          serial_bayou_shore_a, serial_bayou_pond_c, serial_bayou_pond_c
D:7:      layout_loops_ring, enter_bailey_7, chequers_mini_garden,
          minmay_misc_feat_rugged, hangedman_feature_mirror
D:8:      old_forge, layout_basic, minmay_crystal_room, minmay_evil_grid
D:9:      layout_loops_ring, mainiacjoe_overflow_concentric_impassable,
          lair_entry_dummy, gammafunk_ghost_grave,
          chequers_serial_rivers_small_3
D:10:     layout_long_grid, nicolae_ru_awakened_eye, david_orc_2, uniq_erica
D:11:     layout_long_grid, uniq_fannar
D:12:     layout_gridville, nicolae_yredelemnul_corpse_copse
D:13:     lemuel_slime, layout_stronghold,
          hangedman_vaults_entry_quadrant_bands, minivault_28, uniq_snorg

Skill      XL: |  1  2  3  4  5  6  7  8  9 10 11 12 |
---------------+-------------------------------------+-----
Axes           | 3 5 7 8 11 13 16 17 18 | 18.0
Fighting       | 4 5 6 9 12 | 12.6
Armour         | 4 5 6 8 12 | 12.0
Shields        | 4 |  4.0
Dodging        | 2 3 5 6 |  6.0
Long Blades    | 1 |  1.4

Action                   |  1- 3 |  4- 6 |  7- 9 | 10-12 | 13-15 || total
-------------------------+-------+-------+-------+-------+-------++-------
Melee: War axe           |    76 |   152 |   166 |       |       ||   394
       Kick              |       |     2 |    52 |    96 |     2 ||   152
       Broad axe         |       |       |    22 |   247 |     5 ||   274
       Double sword      |       |       |       |     7 |       ||     7
       Pseudopods        |       |       |       |    43 |       ||    43
Invok: Slimify           |       |       |       |     2 |     1 ||     3
  Use: Scroll            |       |       |     1 |     4 |       ||     5
 Stab: Distracted        |       |       |       |     1 |       ||     1
       Held in net/web   |       |       |       |     1 |       ||     1
       Confused          |       |       |       |    11 |       ||    11
Armor: Scale mail        |    31 |    74 |    66 |       |       ||   171
       Plate armour      |       |       |    22 |   164 |     6 ||   192
Dodge: Dodged            |    40 |    91 |    86 |    99 |     7 ||   323
Block: Buckler           |    19 |    35 |    29 |    62 |     3 ||   148
